 Dungeon Crawl Stone Soup version 0.30-a0-777-ga9a30cbeda (webtiles) character file.

Game seed: 4572300426211647333

30 Esekla the Sneak (level 3, 14/26 HPs)
             Began as an Octopode Delver on Feb 15, 2023.
             Quit the game on level 5 of the Dungeon.
             The game lasted 00:00:36 (22 turns).

Esekla the Sneak (Octopode Delver)                    Turns: 22, Time: 00:00:36

Health: 14/26      AC:  1    Str: 11    XL:     3   Next: 18%
Magic:  3/3        EV: 13    Int: 14    God:
Gold:   25         SH:  0    Dex: 13    Spells: 3/3 levels left

rFire   . . .      SeeInvis .    a - +0 falchion
rCold   . . .      Faith    .    (no shield)
rNeg    . . .      Spirit   .    (helmet restricted)
rPois   .          Reflect  .    (no amulet)
rElec   .          Harm     .    (no ring)
rCorr   .          Rampage  .    (no ring)
Will    .....                    (no ring)
Stlth   ++++                     (no ring)
HPRegen 0.24/turn                (no ring)
MPRegen 0.08/turn                (no ring)
                                 (no ring)
                                 (no ring)

@: no status effects
A: almost no armour, amphibious, 8 rings, camouflage 1, gelatinous body 1,
(nimble swimmer 1), tentacles
a: no special abilities


You were on level 5 of the Dungeon.
You visited 1 branch of the dungeon, and saw 1 of its levels.

You collected 25 gold pieces.

Inventory:

Hand Weapons
 a - a +0 falchion (weapon)
Wands
 f - a wand of digging (3)
 g - a wand of quicksilver (11)
Scrolls
 b - a scroll of fog
 d - a scroll of fear
Potions
 e - a potion of haste


   Skills:
 * Level 3.2 Fighting
 * Level 2.2 Long Blades
 * Level 2.2 Dodging
 + Level 7.1 Stealth
 * Level 0.5 Spellcasting


You had 3 spell levels left.
You didn't know any spells.
Your spell library was empty.

Dungeon Overview and Level Annotations

Branches:
Dungeon (5/15)
 Temple: D:4-7

Altars:


Innate Abilities, Weirdness & Mutations

You cannot wear most types of armour.
You are amphibious.
You can wear up to eight rings at the same time.
Your skin changes colour to match your surroundings (Stealth+).
Your rubbery body absorbs attacks. (AC +1, EV +1)
((You are camouflaged when in or above water. (Stealth+)))
You have tentacles for arms and can constrict up to eight enemies at once.


Message History

Welcome, Esekla the Octopode Delver.
It is said that the Orb of Zot exists deep within this dungeon.
Press ? for a list of commands and other information.
Found a glowing iron wand and a scale mail.
Found a stone staircase leading down.
Found 11 gold pieces.
Found 14 gold pieces.
g - a wand of quicksilver (11)
You see here a +0 scale mail.
You now have 11 gold pieces.
A hound comes into view.
You see here 14 gold pieces.
You now have 25 gold pieces (gained 14).
The hound barks!
You hear an angry hiss.
You completely miss the hound. Your grab misses the hound. The hound bites you.
The hound barely misses you.
You hit the hound. Your grab misses the hound. Your squeeze misses the hound.
The hound is moderately wounded.
An adder comes into view.
The hound bites you. The hound misses you.
You miss the hound. Your grab misses the hound.
You squeeze the hound, but do no damage.
The hound is moderately wounded.
The hound closely misses you. The hound attacks as you move away!
The hound misses you. The hound bites you.
You slash the hound! You grab the hound. You squeeze the hound.
You kill the hound!
Your Stealth skill increases to level 7!
You have reached level 2!
You have reached level 3!
Your experience leads to an increase in your attributes!
Increase (S)trength, (I)ntelligence, or (D)exterity?
You feel clever. x2
As you read the scroll of magic mapping, it crumbles to dust.
You feel aware of your surroundings.
Are you sure you want to abandon this character and quit the game? (Confirm with "yes".)

**,,,,,....#
*,*,,,,,,,,,,,,,,,, **,***#...#
*,*,****,,******,*,
***,***#...####,*,* *,,* *,**
,,,*,,,,..........* *,,****
*,** **#.#####..###..#**
*,,,,,* *,**
#......>......######.###,***,**
#######..###.###........,,,,,**
#..# #...S.#**,***,***,**
#..###..@#....S...,,,,,,,
#.......#.########,******
#...[..........,,,,*
######....#####***** ######


You could see an adder.

Vanquished Creatures
  A hound (D:5)
1 creature vanquished.

Notes
Turn   | Place    | Note
-------+----------+-------------------------------------------
     0 | D:5      | Esekla the Octopode Delver began the quest for the Orb.
     0 | D:5      | Reached XP level 1. HP: 16/16 MP: 1/1
    12 | D:5      | Noticed a hound
    20 | D:5      | Killed a hound
    21 | D:5      | Reached skill level 7 in Stealth
    21 | D:5      | Reached XP level 2. HP: 11/21 MP: 2/2
    21 | D:5      | Reached XP level 3. HP: 14/26 MP: 3/3
    22 | D:5      | Quit the game

Illustrated notes

Levels and vault maps discovered:
D:5:      layout_loops_ring, ebering_ghost_rock_garden

Skill      XL: |  1 |
---------------+----+-----
Stealth        | 7 |  7.1
Fighting       | |  3.2
Long Blades    | |  2.2
Dodging        | |  2.2
Spellcasting   | |  0.5

Action                     || total
---------------------------++-------
  Melee: Falchion          ||     4
         Tentacles         ||     2
         Constrict         ||     1
    Use: Scroll            ||     1
  Dodge: Dodged            ||     4

Table legend: (Time is in decaauts)
 A = Elapsed time spent in this place.
 B = Non-inter-level travel time spent in this place.
 C = Inter-level travel time spent in this place.
 D = Time resting spent in this place.
 E = Time spent auto-exploring this place.
 F = Levels seen in this place.
 G = Mean time per level.
                   A        B        C        D        E       F      G
               +--------+--------+--------+--------+--------+-----+--------+
         Total |     22 |     22 |      0 |      0 |      0 |   1 |   22.0 |
       Dungeon |     22 |     22 |      0 |      0 |      0 |   1 |   22.0 |
               +--------+--------+--------+--------+--------+-----+--------+

Top non-repeatable levels by time:
     D:5: 22 daAuts
